 Dungeon Crawl Stone Soup version 0.27-a0-828-g8289197e94 (webtiles) character file.

Game seed: 6761458385739729342

1746033 Xenophilius the Slayer (level 27, 184/279 HPs)
             Began as a Naga Wanderer on Mar 31, 2021.
             Was the Champion of Nemelex Xobeh.
             Escaped with the Orb
             ... and 4 runes on Apr 2, 2021!
             The game lasted 10:31:15 (133989 turns).

Xenophilius the Slayer (Naga Wanderer)            Turns: 133989, Time: 10:31:15

Health: 184/279    AC: 36    Str: 15    XL:     27
Magic:  32/39      EV: 27    Int: 24    God:    Nemelex Xobeh [******]
Gold:   3507       SH: 17    Dex: 24    Spells: 4/50 levels left

rFire    + + .     SeeInvis +   a - +2 Maxwell's thermic engine {flame, freeze}
rCold    + + .     Faith    .   u - +5 kite shield {reflect}
rNeg     . . .     Spirit   +   V - +2 robe {rC+ rF+}
rPois    +         Reflect  +   h - +2 helmet {Int+3}
rElec    +         Harm     .   l - +2 cloak {Will+}
rCorr    .         Rampage  .   s - +2 pair of gloves {Dex+3}
Will     ++++.                  T - +4 barding {rF+}
Stlth    +++.......             e - amulet "Miasippi" {Spirit Dex+9}
HPRegen  0.56/turn              k - ring of Irrepressible Laughter {EV+4 Str+2 Int-3 Slay+3, =R}
MPRegen  0.26/turn              R - +4 ring of slaying

@: studying 2 skills, very slow
A: AC +9, large, see invisible, deformed body, poison resistance, slowness 2,
spit poison 1, naga tail 2, claws 2, cold resistance 1, deterioration 1, sense
surroundings 1, electricity resistance, weak 1, evolution 1, no potion heal 1
0: Orb of Zot
}: 4/15 runes: serpentine, barnacled, slimy, silver
a: Spit Poison, Renounce Religion, Draw Escape, Draw Destruction, Draw
Summoning, Draw Stack, Triple Draw, Deal Four, Stack Five


You escaped.
You worshipped Nemelex Xobeh.
Nemelex Xobeh was exalted by your worship.
You visited 11 branches of the dungeon, and saw 57 of its levels.
You visited 1 bazaar.
You also visited: Ossuary.

You collected 11811 gold pieces.
You spent 8304 gold pieces at shops.

Inventory:

Hand Weapons
 a - the +2 Maxwell's thermic engine (weapon) {flame, freeze}
   (You found it on level 3 of the Crypt)

   It has been specially enchanted to burn those struck by it, causing extra
   injury to most foes and up to half again as much damage against particularly
   susceptible opponents.
   Big, fiery blades are also staple armaments of hydra-hunters.
   It has been specially enchanted to freeze those struck by it, causing extra
   injury to most foes and up to half again as much damage against particularly
   susceptible opponents.
   It becomes more effective when it hits something.
   This effect fades over time.
 b - the +8 dagger of Indomitability {vorpal, Int+4}
   (You took it off a deep elf annihilator on level 3 of the Elven Halls)

   It inflicts extra damage upon your enemies.
   It affects your intelligence (+4).
 z - a +9 spectral demon blade
Missiles
 j - 21 curare-tipped darts (quivered)
 t - 23 throwing nets
Armour
 h - a +2 helmet of intelligence (worn)
 l - a +2 cloak of willpower (worn)
 s - a +2 pair of gloves of dexterity (worn)
 u - a +5 kite shield of reflection (worn)
 T - a +4 barding of fire resistance (worn)
 V - a +2 robe of resistance (worn)
Magical Staves
 o - a staff of conjuration
 w - a staff of earth
Jewellery
 e - the amulet "Miasippi" (around neck) {Spirit Dex+9}
   (You took it off a deep elf zephyrmancer on level 3 of the Elven Halls)

   [amulet of guardian spirit]

   It causes incoming damage to be divided between your reserves of health and
   magic.
   It affects your dexterity (+9).
 k - the ring of Irrepressible Laughter (left hand) {EV+4 Str+2 Int-3 Slay+3, =R}
   (You bought it in a shop on level 3 of the Elven Halls)

   [ring of evasion]

   It affects your evasion (+4).
   It affects your strength (+2).
   It affects your intelligence (-3).
   It affects your accuracy and damage with ranged weapons and melee attacks
   (+3).
 q - a +4 ring of evasion
 R - a +4 ring of slaying (right hand)
 W - the ring "Zyvut" {rElec rC+ rN+}
   (You found it on level 3 of the Crypt)

   [ring of positive energy]

   It protects you from cold.
   It insulates you from electricity.
   It protects you from negative energy.
 X - the ring "Xiqiut" {+Blink MP+9 Int+3}
   (You acquired it on level 1 of the Elven Halls)

   [ring of magical power]

   It affects your intelligence (+3).
   It affects your magic capacity (+9).
   It lets you blink.
Wands
 r - a wand of acid (42)
 B - a wand of digging (10)
 F - a wand of paralysis (68)
 O - a wand of iceblast (28)
 Z - a wand of charming (25)
Scrolls
 c - 29 scrolls of teleportation
 i - 26 scrolls of identify
 m - 4 scrolls of silence
 y - 6 scrolls of blinking
 G - 8 scrolls of summoning
 K - 9 scrolls of fear
 Q - 9 scrolls of fog
 S - 7 scrolls of vulnerability
Potions
 n - 8 potions of mutation
 p - 4 potions of cancellation
 v - 6 potions of might
 x - 33 potions of curing
 A - 9 potions of ambrosia
 D - 10 potions of flight
 E - 7 potions of haste
 H - 3 potions of invisibility
 I - 10 potions of attraction
 L - 5 potions of resistance
 M - 11 potions of heal wounds
 N - a potion of magic
Miscellaneous
 d - a phantom mirror
 f - a tin of tremorstones (2/2)
 g - a phial of floods
 J - a condenser vane
 U - a lightning rod (4/4)


   Skills:
 * Level 22.6 Fighting
 - Level 16.0 Long Blades
 - Level 5.9 Maces & Flails
 - Level 1.0(3.7) Staves
 - Level 1.0 Crossbows
 - Level 0.3 Throwing
 + Level 18.0 Armour
 * Level 18.8 Dodging
 - Level 17.0 Stealth
 - Level 9.0 Shields
 - Level 12.0 Spellcasting
 - Level 10.0 Conjurations
 - Level 12.0 Hexes
 - Level 4.0 Translocations
 - Level 12.0 Transmutations
 - Level 6.0 Ice Magic
 - Level 7.0 Air Magic
 - Level 12.0 Earth Magic
 - Level 19.0 Invocations
 - Level 9.0 Evocations


You had 4 spell levels left.
You knew the following spells:

 Your Spells              Type           Power      Damage    Failure   Level
a - Apportation           Tloc           66%        N/A       1%          1
b - Lesser Beckoning      Tloc           16%        N/A       2%          3
g - Passage of Golubria   Tloc           N/A        N/A       9%          4
l - Lee's Rapid Deconstr  Erth           32%        3d17*     1%          5
p - Petrify               Tmut/Erth      64%        N/A       1%          4
w - Passwall              Tmut/Erth      53%        N/A       1%          2
B - Blink                 Tloc           N/A        N/A       1%          2
I - Invisibility          Hex            64%        N/A       4%          6
L - Silence               Hex/Air        28%        N/A       2%          5
O - Ozocubu's Armour      Ice            43%        N/A       1%          3
R - Irradiate             Conj/Tmut      30%        3d23      1%          5
S - Statue Form           Tmut/Erth      42%        N/A       4%          6

Your spell library contained the following spells:

 Spells                   Type           Power      Damage    Failure   Level
 Corona                   Hex            71%        N/A       1%          1
 Foxfire                  Conj/Fire      100%       2x1d9     1%          1
 Freeze                   Ice            100%       1d11      1%          1
 Magic Dart               Conj           100%       1d8       1%          1
 Sandblast                Erth           100%       2d20      1%          1
 Shock                    Conj/Air       100%       1d9       1%          1
 Sting                    Tmut/Pois      100%       1d8       1%          1
 Corpse Rot               Necr/Air       N/A        N/A       1%          2
 Ensorcelled Hibernation  Hex/Ice        100%       N/A       1%          2
 Poisonous Vapours        Pois/Air       62%        N/A       1%          2
 Searing Ray              Conj           100%       3d7       1%          2
 Swiftness                Air            48%        N/A       1%          2
 Confusing Touch          Hex            64%        N/A       1%          3
 Conjure Flame            Conj/Fire      38%        6-21      1%          3
 Dazzling Flash           Conj/Hex       100%       N/A       1%          3
 Frozen Ramparts          Ice            86%        1d10      1%          3
 Inner Flame              Hex/Fire       43%        N/A       1%          3
 Mephitic Cloud           Conj/Pois/Air  41%        N/A       1%          3
 Portal Projectile        Hex/Tloc       100%       N/A       1%          3
 Spider Form              Tmut/Pois      21%        N/A       1%          3
 Stone Arrow              Conj/Erth      100%       3d13      1%          3
 Summon Guardian Golem    Hex/Summ       43%        N/A       1%          3
 Tukima's Dance           Hex            64%        N/A       1%          3
 Fulminant Prism          Conj/Hex       30%        3d16      1%          4
 Hailstorm                Conj/Ice       51%        3d11      1%          4
 Leda's Liquefaction      Hex/Erth       32%        N/A       1%          4
 Gell's Gravitas          Tloc           16%        N/A       2%          3
 Ignite Poison            Fire/Tmut/Pois 33%        N/A       2%          3
 Teleport Other           Tloc           33%        N/A       2%          3
 Iskenderun's Mystic Bla  Conj/Tloc      48%        2d11      2%          4
 Animate Armour           Summ/Erth      86%        N/A       3%          4
 Animate Skeleton         Necr           28%        N/A       4%          1
 Pain                     Necr           56%        1d6       4%          1
 Summon Small Mammal      Summ           56%        N/A       4%          1
 Sticky Flame             Conj/Fire      38%        2d6       5%          4
 Call Imp                 Summ           14%        N/A       6%          2
 Sublimation of Blood     Necr           7%         N/A       6%          2
 Summon Lightning Spire   Summ/Air       31%        N/A       10%         4
 Summon Ice Beast         Ice/Summ       28%        N/A       12%         4
 Call Canine Familiar     Summ           14%        N/A       13%         3
 Vampiric Draining        Necr           7%         2d7       13%         3
 Animate Dead             Necr           7%         N/A       38%         4
 Dispel Undead            Necr           14%        3d10      38%         4
 Olgreb's Toxic Radiance  Pois           14%        N/A       38%         4
 Hydra Form               Tmut           32%        N/A       1%          5
 Yara's Violent Unravell  Hex/Tmut       32%        3d13      1%          5
 Metabolic Englaciation   Hex/Ice        27%        N/A       3%          5
 Bolt of Magma            Conj/Fire/Erth 24%        4d12      6%          5
 Alistair's Intoxication  Tmut/Pois      28%        N/A       10%         5
 Borgnjor's Vile Clutch   Necr/Erth      21%        N/A       10%         5
 Fireball                 Conj/Fire      19%        3d9       16%         5
 Conjure Ball Lightning   Conj/Air       26%        3x3d7     21%         6
 Manifold Assault         Tloc           33%        N/A       22%         5
 Freezing Cloud           Conj/Ice/Air   25%        6-21      28%         6
 Summon Forest            Summ/Tloc      12%        N/A       45%         5
 Eringya's Noxious Bog    Tmut/Pois      21%        N/A       50%         6
 Starburst                Conj/Fire      19%        8x6d7     63%         6
 Agony                    Necr           14%        N/A       75%         5
 Excruciating Wounds      Necr           7%         N/A       75%         5
 Dispersal                Tloc           16%        N/A       77%         6
 Simulacrum               Ice/Necr       14%        N/A       88%         6
 Death Channel            Necr           7%         N/A       100%        6
 Shadow Creatures         Summ           N/A        N/A       100%        6
 Malign Gateway           Summ/Tloc      12%        N/A       100%        7
 Summon Hydra             Summ           7%         N/A       100%        7
 Borgnjor's Revivificati  Necr           7%         N/A       100%        8
 Disjunction              Tloc           16%        N/A       100%        8
 Ignition                 Fire           7%         3d4       100%        8
 Infestation              Necr           7%         N/A       100%        8
 Necromutation            Tmut/Necr      21%        N/A       100%        8
 Death's Door             Necr           7%         N/A       100%        9
 Shatter                  Erth           32%        3d26*     100%        9
 Tornado                  Air            24%        N/A       100%        9


Dungeon Overview and Level Annotations

Branches:
Dungeon (15/15)            Temple (0/1) D:5            Lair (6/6) D:10
 Shoals (4/4) Lair:2        Snake (4/4) Lair:2        Slime (5/5) Lair:6
    Orc (2/2) D:9             Elf (3/3) Orc:2        Vaults (5/5) D:14
  Crypt (3/3) Vaults:2       Tomb (0/3) Crypt:3      Depths (5/5) D:15
    Zot (5/5) Depths:5    Ossuary (visited)

Altars:
Ashenzari
Cheibriados
Dithmenos
Elyvilon
Fedhas
Makhleb
Nemelex Xobeh
Okawaru
Vehumet
Yredelemnul
Zin
Beogh
Jiyva

Shops:
Orc:2 [*:(   Elf:1 :?[*:   Elf:3 [=   Vaults:2 =   Depths:4 :==

Portals:
Hell: Depths:1 Depths:2 Depths:3 Depths:4 Depths:5
Abyss: Lair:4 Depths:4
Pandemonium: Depths:3 Depths:4
Ziggurat: Depths:3

Annotations:
D:7 1 runed translucent door
Zot:1 exclusion: 2 doors
Zot:2 exclusion: door


Innate Abilities, Weirdness & Mutations

Your serpentine skin is tough. (AC +9)
You have supernaturally acute eyesight. (SInv)
Armour fits poorly on your strangely shaped body.
Your system is resistant to poisons. (rPois)
You cover ground very slowly.
You can spit poison.
You can use your snake-like lower body to constrict enemies.
You have very sharp fingernails.
Your flesh is cold resistant. (rC+)
Your body sometimes deteriorates upon taking damage.
You passively map a small area around you.
You are resistant to electric shocks. (rElec)
You are weak. (Str -2)
You evolve.
Potions are less effective at restoring your health.


Message History

Casting: Ozocubu's Armour (safe; 1% risk of failure)
Confirm with . or Enter, or press ? or * to list all spells.
Aiming: Lesser Beckoning (mildly dangerous; 2% risk of failure)
Press: ? - help, Shift-Dir - straight line, f - orange demon
Aim: an orange demon (0% to evade)
The orange demon hurls suddenly forward!
You slash the orange demon! You burn the orange demon.
You freeze the orange demon. Your grab misses the orange demon.
The orange demon is heavily wounded.
You slash the orange demon! You burn the orange demon.
You freeze the orange demon. Your grab misses the orange demon.
The orange demon is almost dead.
The orange demon barely misses you.
You riposte.
You completely miss the orange demon. You grab the orange demon.
The orange demon is almost dead.
The orange demon completely misses you.
You slash the orange demon! You burn the orange demon.
You kill the orange demon!
A rust devil comes into view.
A giant cockroach comes into view.
You hit the rust devil but do no damage.
You grab the rust devil. You constrict the rust devil.
You block the rust devil's attack.
You slash the rust devil! You freeze the rust devil.
The rust devil is moderately wounded.
You constrict the rust devil. You block the rust devil's attack.
You completely miss the rust devil.
The rust devil is moderately wounded.
You constrict the rust devil. The rust devil completely misses you.
You riposte.
You slice the rust devil!! You freeze the rust devil.
The rust devil is almost dead.
You slash the rust devil!
You kill the rust devil!
You hit the giant cockroach. You burn the giant cockroach.
You kill the giant cockroach!
There is a staircase leading out of the dungeon here.
You start resting. 3 hell hounds come into view.
The hell hound barks!
You have escaped!

....###.......#...#.......#
..#..##..#######.#######..# #####
.........# ##.......## #..###....
.........###.........###...).....
..#......##...........##..##.....
....##...#.............#....#....
...###..##.............##...#####
..###..#.#.............#.#..#####
......#.........@.........#.....#
.####..#.#†............#.#..###..
######..##............h##....###.
......#..#.............#.....###.
#####.#..##.........h.##.........
#....###.........###.....##..
###..# ##....h..## #.....###.
#..#######.#######.....# #.
#.......#...#..........# #.


You could see 3 hell hounds.

Vanquished Creatures
  the Royal Jelly (Slime:5)
  2 dread liches
  2 pandemonium lords
  3 ancient liches
  5 orbs of fire
  A juggernaut (Depths:5)
  Boris (twice) (Crypt:2 D:15)
  Sojobo (Depths:2)
  Bai Suzhen (Depths:3)
  Margery (Depths:4)
  7 Killer Klowns
  Saint Roka (Orc:2)
  2 curse toes
  10 golden dragons
  2 profane servitors (Crypt:3)
  Nikola (Snake:1)
  3 bone dragons
  3 Tzitzimimeh
  4 electric golems
  A Brimstone Fiend (Depths:1)
  15 tentacled monstrosities
  6 liches
  An Ice Fiend (Depths:1)
  A hellephant (Depths:1)
  Asterion (Snake:4)
  3 titans
  3 deep elf blademasters
  30 Orb Guardians
  12 quicksilver dragons
  A kraken (Shoals:3)
  10 death cobs
  10 acid blobs
  Frances (Elf:1)
  6 draconian monks
  A deep elf master archer (Elf:3)
  An Executioner (D:3)
  Gastronok (Lair:2)
  9 shadow dragons
  11 sphinxes
  Kirke (D:15)
  12 storm dragons
  A revenant (Crypt:3)
  13 tengu reavers
  Ilsuiw (Shoals:4)
  Donald (Elf:2)
  6 rockslimes
  10 azure jellies
  9 nagarajas (Snake:4)
  The ghost of Charly the Unseen, an adept VSBr of Dithmenos (Elf:3)
  3 orc warlords
  Louise (Snake:2)
  Aizul (Snake:1)
  12 draconian knights
  5 draconian shifters
  6 deep elf sorcerers
  4 deep elf elementalists (Elf:3)
  An emperor scorpion (Snake:4)
  8 fire giants
  6 vault wardens
  7 frost giants
  2 ghost moths (Zot:4)
  5 draconian scorchers
  A balrug (Zot:1)
  7 iron dragons
  A reaper (Zot:5)
  7 quicksilver oozes
  5 draconian stormcallers
  3 curse skulls
  13 draconian annihilators
  14 ironbound preservers
  2 spriggan defenders
  3 war gargoyles (Vaults:3)
  9 ghouls (Crypt:3)
  40 very ugly things
  19 black draconians
  15 green draconians
  4 vampire knights
  The ghost of nago the Fighter, a journeyman DjFE of Makhleb (D:14)
  23 stone giants
  8 white draconians
  17 red draconians
  A deep elf demonologist (Depths:4)
  8 yellow draconians
  2 lorocyprocas
  3 entropy weavers
  11 deep elf annihilators
  28 purple draconians
  The ghost of Danufek the Spear-Bearer, a journeyman MfGl of Okawaru (Lair:4)
  3 jiangshi (Crypt:1)
  A salamander tyrant (Snake:4)
  8 eidola
  4 crystal guardians
  11 deep elf death magi
  A green death (Zot:1)
  A mummy priest (Crypt:3)
  12 ettins
  Josephine (D:14)
  A merfolk javelineer (Shoals:4)
  9 merfolk impalers
  6 fire dragons
  15 yaktaur captains
  11 great orbs of eyes
  34 vault guards
  12 deep elf high priests
  6 ironbound thunderhulks
  4 rakshasas
  Harold (D:12)
  11 hydras
  14 ice dragons
  3 peacekeepers
  15 naga warriors
  3 alligator snapping turtles
  10 boulder beetles
  2 ogre magi
  5 catoblepae
  2 spriggan air magi
  A two-headed ogre (shapeshifter) (Elf:2)
  9 merfolk aquamancers
  8 two-headed ogres
  2 merfolk avatars
  5 centaur warriors
  7 ironbound frosthearts
  6 anacondas
  25 dancing weapons
  6 satyrs
  5 deep troll shamans
  6 hell hogs (Depths:1)
  6 death knights
  5 tengu warriors
  An ironbound beastmaster (Vaults:1)
  A death yak (shapeshifter) (Vaults:5)
  11 deep troll earth magi
  4 vampire magi
  A titan zombie (Crypt:3)
  13 naga sharpshooters
  4 spriggan berserkers
  A storm dragon zombie (Crypt:3)
  5 shock serpents
  6 orc high priests
  3 sun demons
  19 deep elf knights
  A soul eater (Crypt:2)
  Sonja (Lair:2)
  5 hell knights
  A storm dragon skeleton (Crypt:1)
  10 iron trolls
  20 skeletal warriors
  2 sixfirhies
  8 flayed ghosts
  3 salamander mystics
  2 anaconda zombies (Crypt:3)
  21 sea snakes
  5 glowing orange brains
  5 naga ritualists
  17 phantasmal warriors
  A swamp dragon (Lair:6)
  A lindwurm (shapeshifter) (Depths:4)
  44 deep trolls
  A golden dragon zombie (Depths:3)
  4 lindwurms
  A torturous demonspawn (Depths:3)
  20 harpies
  13 deep elf archers
  2 anaconda skeletons (Crypt:1)
  12 ironbound convokers
  10 wizards
  The ghost of bmj180 the Thaumaturge, a novice DECj (D:7)
  35 deep elf zephyrmancers
  13 orc knights
  9 necromancers
  32 deep elf pyromancers
  5 orc sorcerers
  2 wolf spiders (Crypt:3)
  14 mana vipers
  49 ugly things
  3 fire giant zombies (Crypt:3)
  21 fauns
  3 shining eyes
  8 manticores
  A worldbinder (Lair:4)
  18 moths of wrath
  9 cyclopes
  34 black mambas
  16 salamanders
  A shock serpent zombie (Crypt:3)
  2 toenail golems
  Joseph (D:8)
  7 merfolk sirens
  Maurice (D:8)
  6 guardian serpents
  A titan simulacrum (Depths:3)
  A human skeleton (Vaults:1)
  A guardian serpent (shapeshifter) (Depths:4)
  22 vault sentinels
  6 water nymphs
  4 rust devils
  A stone giant skeleton (Vaults:3)
  2 dire elephant zombies (Crypt:3)
  20 naga magi
  4 smoke demons
  A gargoyle (D:14)
  13 cane toads
  3 orange demons
  5 torpor snails (Lair:6)
  2 green draconian zombies
  A death yak zombie (Crypt:2)
  A rime drake (Lair:6)
  A minotaur zombie (Crypt:2)
  A storm dragon simulacrum (Crypt:2)
  A spriggan zombie (Depths:3)
  A dire elephant skeleton (Crypt:2)
  11 freezing wraiths
  An efreet (D:12)
  31 yaktaurs
  A tengu conjurer (Depths:3)
  11 komodo dragons
  A tormentor (Depths:1)
  A demonic crawler (D:2)
  2 red devils
  2 hellwings (Depths:4)
  11 trolls
  2 yaktaur skeletons (Vaults:3)
  A polar bear (Lair:6)
  6 wind drakes
  A harpy zombie (Crypt:3)
  A catoblepas skeleton (Crypt:2)
  15 merfolk
  A queen bee (Lair:2)
  130 slime creatures
  4 jumping spiders (Crypt:3)
  A polar bear (shapeshifter) (D:14)
  A wind drake (shapeshifter) (D:12)
  A fire dragon zombie (Crypt:3)
  7 hornets
  An ice dragon zombie (Crypt:3)
  2 raiju (Lair:4)
  A jumping spider zombie (Crypt:2)
  16 blink frogs
  15 dream sheep
  4 tyrant leeches (Lair:6)
  8 redbacks
  A snapping turtle (shapeshifter) (Elf:1)
  11 snapping turtles
  A spriggan (Lair:4)
  A shadow (D:11)
  An alligator skeleton (Crypt:1)
  A satyr skeleton (Crypt:2)
  A vampire (D:12)
  14 wraiths
  A ynoxinul (Zot:3)
  A redback (shapeshifter) (Vaults:5)
  An air elemental (Elf:2)
  2 tarantellas
  12 water elementals
  Grum (D:9)
  2 golden eyes (D:13)
  5 hogs (D:15)
  3 wyverns
  51 yaks
  A fire elemental (Elf:2)
  A golden eye (shapeshifter) (Elf:2)
  2 neqoxecs
  2 chaos spawn
  An ushabti (Crypt:3)
  9 basilisks
  A steam dragon (Lair:4)
  2 wind drake skeletons (Crypt:2)
  9 vampire mosquitoes
  8 wargs
  An acid dragon (shapeshifter) (D:15)
  3 acid dragons
  20 water moccasins
  57 nagas
  6 floating eyes
  5 swamp drakes (Lair:6)
  53 orc warriors
  A sky beast (D:7)
  A hornet zombie (Crypt:2)
  A sky beast (shapeshifter) (Vaults:1)
  A black bear (D:5)
  3 ice beasts
  A snapping turtle zombie (Crypt:3)
  A manticore zombie (Crypt:3)
  18 necrophages
  A swamp dragon zombie (Crypt:1)
  11 centaurs
  2 wolves (D:9)
  6 boggarts
  11 ogres
  A snapping turtle skeleton (Crypt:1)
  3 phantoms (Crypt:3)
  7 bullfrogs
  An elf zombie (Ossuary)
  12 earth elementals
  A wyvern zombie (D:8)
  A small abomination (Zot:5)
  12 wyvern skeletons
  A water moccasin zombie (Crypt:1)
  32 killer bees
  A crimson imp (D:10)
  4 lava snakes (Snake:3)
  2 bullfrog skeletons
  6 centaur zombies
  4 human zombies
  21 orc priests
  5 centaur skeletons
  6 iguanas
  A scorpion zombie (D:5)
  Natasha (thrice) (D:3)
  17 orc wizards
  A killer bee zombie (D:7)
  An ogre zombie (Crypt:3)
  A howler monkey zombie (D:8)
  5 mummies
  A gnoll (D:1)
  12 adders
  A howler monkey skeleton (D:6)
  A shadow imp (D:7)
  3 white imps
  An ufetubus (Vaults:4)
  An adder zombie (Ossuary)
  An iguana skeleton (Crypt:2)
  A worm (D:6)
  3 dart slugs
  102 orcs
  10 bats
  6 endoplasms
  3 giant cockroaches
  6 goblins
  5 hobgoblins
  13 jackals
  3 quokkas
  9 ball pythons
  A ball python skeleton (Crypt:2)
  A frilled lizard (D:1)
  A goblin zombie (Ossuary)
  14 hobgoblin zombies
  A jackal zombie (Ossuary)
  9 kobolds
  8 kobold zombies
  9 orc zombies (Ossuary)
  4 rats
  A rat zombie (Ossuary)
  5 tentacles (Shoals:3)
2521 creatures vanquished.

Vanquished Creatures (collateral kills)
  The ghost of ma3 the Grappler, a journeyman TrGl of Ru (Shoals:3)
  A naga warrior (Snake:3)
  A sea snake (Shoals:3)
  A mana viper (Lair:2)
  2 black mambas
  A merfolk siren (Shoals:3)
  A blink frog (Lair:2)
  A water elemental (Shoals:3)
  A black bear (Lair:2)
  4 wolves (Lair:1)
  A killer bee (Lair:2)
15 creatures vanquished.

Vanquished Creatures (others)
  A pandemonium lord (D:9)
  A Killer Klown (Zot:5)
  A vault warden (Vaults:2)
  A draconian stormcaller (Zot:4)
  A yaktaur captain (Vaults:2)
  A dancing weapon (Elf:1)
  A deep troll (Vaults:3)
  2 deep elf archers
  A deep elf pyromancer (Elf:2)
  A deep elf zephyrmancer (Elf:3)
  A merfolk siren (Shoals:3)
  2 humans (D:15)
  An orc (Vaults:5)
  A ball python (Snake:3)
  68 fungi
  257 plants
  2 tentacles (Shoals:3)
  22 withered plants
365 creatures vanquished.

Grand Total: 2901 creatures vanquished

Notes
Turn   | Place    | Note
-------+----------+-------------------------------------------
     0 | D:1      | Xenophilius the Naga Wanderer began the quest for the Orb.
     0 | D:1      | Xenophilius set off with the following items: a +2
                  | quarterstaff, a potion of curing, a scroll of
                  | teleportation, a +0 robe, a +0 dagger
     0 | D:1      | Reached XP level 1. HP: 25/25 MP: 1/1
   305 | D:1      | Reached XP level 2. HP: 32/32 MP: 2/2
   707 | D:1      | Reached skill level 5 in Stealth
   875 | D:1      | Reached XP level 3. HP: 33/39 MP: 3/3
  1540 | D:2      | Reached skill level 1 in Maces & Flails
  1666 | D:2      | Reached XP level 4. HP: 46/46 MP: 4/4
  2521 | D:2      | Reached XP level 5. HP: 52/52 MP: 5/5
  2820 | D:3      | Found a faded altar of an unknown god.
  2989 | D:3      | Noticed Natasha
  3167 | D:3      | Found a sparkling altar of Nemelex Xobeh.
  3172 | D:3      | Became a worshipper of Nemelex Xobeh the Trickster
  3940 | D:4      | Found a sand-covered staircase.
  3962 | Ossuary  | Entered an ossuary
  4523 | Ossuary  | Reached skill level 1 in Invocations
  4523 | Ossuary  | Reached XP level 6. HP: 43/61 MP: 6/6
  4947 | Ossuary  | Reached skill level 1 in Shields
  6219 | D:1      | Reached XP level 7. HP: 44/67 MP: 8/8
  6897 | D:5      | Entered Level 5 of the Dungeon
  7545 | D:5      | Found a staircase to the Ecumenical Temple.
  7681 | D:5      | Reached skill level 5 in Maces & Flails
  7829 | D:5      | Reached * piety under Nemelex Xobeh
  8000 | D:5      | Reached XP level 8. HP: 37/74 MP: 10/10
  8594 | D:6      | Received a gift from Nemelex Xobeh
  8661 | D:6      | Found a runed translucent door.
  8664 | D:6      | Noticed bmj180's ghost (novice DECj)
  8763 | D:6      | Found a runed translucent door.
  9085 | D:3      | Killed Natasha
  9096 | D:3      | Noticed Natasha
  9247 | D:3      | Killed Natasha
  9253 | D:3      | Noticed Natasha
  9271 | D:3      | Killed Natasha
  9445 | D:7      | Found an iron altar of Okawaru.
  9474 | D:7      | Noticed a yak
  9595 | D:7      | Noticed a two-headed ogre
 10172 | D:7      | Reached skill level 10 in Stealth
 10336 | D:7      | Found a white marble altar of Elyvilon.
 10336 | D:7      | Noticed an angel
 10337 | D:7      | Found a runed translucent door.
 10337 | D:7      | Reached ** piety under Nemelex Xobeh
 10347 | D:7      | Reached XP level 9. HP: 76/81 MP: 11/11
 11112 | D:8      | Found a snail-covered altar of Cheibriados.
 11553 | D:8      | Reached skill level 5 in Long Blades
 11988 | D:8      | Noticed Joseph
 12833 | D:8      | Noticed Maurice
 12997 | D:8      | Killed Maurice
 12998 | D:8      | Reached skill level 5 in Invocations
 13917 | D:6      | Reached XP level 10. HP: 55/88 MP: 14/14
 15435 | D:9      | Learned a level 4 spell: Petrify
 15450 | D:9      | Noticed a two-headed ogre
 15504 | D:9      | Noticed a two-headed ogre
 15570 | D:9      | Received a gift from Nemelex Xobeh
 15596 | D:8      | Reached skill level 1 in Transmutations
 15596 | D:8      | Reached skill level 1 in Earth Magic
 16131 | D:9      | Noticed Grum
 16223 | D:9      | Killed Grum
 16224 | D:9      | Reached skill level 1 in Spellcasting
 18836 | D:8      | Reached XP level 11. HP: 94/94 MP: 15/15
 18950 | D:10     | Entered Level 10 of the Dungeon
 19232 | D:10     | Received a gift from Nemelex Xobeh
 19232 | D:10     | You fall into a shaft and drop 2 floors!
 19368 | D:12     | Noticed a two-headed ogre
 19377 | D:12     | Noticed a centaur warrior
 19401 | D:12     | Noticed a deep elf pyromancer
 19406 | D:12     | Killed a deep elf pyromancer
 19407 | D:12     | Reached skill level 5 in Transmutations
 19407 | D:12     | Reached skill level 5 in Earth Magic
 19474 | D:12     | Reached *** piety under Nemelex Xobeh
 19476 | D:11     | Noticed a two-headed ogre
 19578 | D:12     | Killed a two-headed ogre
 19765 | D:12     | Killed a centaur warrior
 20024 | D:11     | Noticed Harold
 20032 | D:12     | Killed Harold
 20110 | D:11     | Noticed a cyclops
 20178 | D:11     | Received a gift from Nemelex Xobeh
 20433 | D:11     | Identified the +8 rapier of Theory {freeze, rF+ Int+7}
 20433 | D:11     | Noticed an eight-headed hydra
 21489 | D:10     | Found a staircase to the Lair.
 21665 | D:10     | Noticed a boulder beetle
 21737 | D:10     | Received a gift from Nemelex Xobeh
 23770 | Lair:1   | Entered Level 1 of the Lair of Beasts
 23929 | Lair:1   | Reached **** piety under Nemelex Xobeh
 24071 | Lair:2   | Received a gift from Nemelex Xobeh
 24076 | Lair:2   | Reached XP level 12. HP: 82/103 MP: 17/19
 24080 | Lair:2   | Noticed Sonja
 24355 | Lair:2   | Noticed Gastronok
 24380 | Lair:2   | Killed Sonja
 24619 | Lair:2   | Reached skill level 5 in Spellcasting
 24645 | Lair:1   | Identified the -2 hand axe of Doom {flame, *Contam rC+ rN++
                  | Str+2}
 25005 | Lair:2   | Noticed a six-headed hydra
 25320 | Lair:2   | Found a staircase to the Snake Pit.
 26033 | Lair:1   | Received a gift from Nemelex Xobeh
 27182 | Lair:2   | Killed Gastronok
 27242 | Lair:2   | Found a staircase to the Shoals.
 28168 | Lair:3   | Received a gift from Nemelex Xobeh
 28429 | Lair:3   | Reached ***** piety under Nemelex Xobeh
 28443 | Lair:3   | Reached skill level 6 in Fighting
 28695 | Lair:3   | Gained mutation: You can use your snake-like lower body to
                  | constrict enemies. [Naga growth]
 28695 | Lair:3   | Reached XP level 13. HP: 89/111 MP: 21/21
 29652 | D:8      | Killed Joseph
 30185 | Lair:4   | Received a gift from Nemelex Xobeh
 30599 | Lair:4   | Reached skill level 10 in Long Blades
 30651 | Lair:4   | Received a gift from Nemelex Xobeh
 30715 | Lair:4   | Found a transporter.
 30715 | Lair:4   | Found a one-way gate to the infinite horrors of the Abyss.
 30715 | Lair:4   | Noticed Danufek's ghost (journeyman MfGl)
 30983 | Lair:4   | Found a transporter.
 31354 | Lair:5   | Received a gift from Nemelex Xobeh
 31901 | Lair:5   | Received a gift from Nemelex Xobeh
 31909 | Lair:5   | Reached skill level 7 in Fighting
 32451 | D:9      | Found a staircase to the Orcish Mines.
 32675 | Lair:6   | Entered Level 6 of the Lair of Beasts
 33117 | Lair:6   | Reached skill level 10 in Earth Magic
 33254 | Lair:6   | Reached skill level 1 in Dodging
 33254 | Lair:6   | Reached skill level 10 in Transmutations
 33266 | Lair:6   | Found a staircase to the Slime Pits.
 33425 | Lair:6   | Reached XP level 14. HP: 117/123 MP: 16/23
 33585 | Lair:6   | Received a gift from Nemelex Xobeh
 33633 | Lair:6   | Found a runed translucent door.
 34312 | Lair:6   | Reached skill level 8 in Fighting
 35823 | D:11     | Received a gift from Nemelex Xobeh
 36057 | Orc:1    | Entered Level 1 of the Orcish Mines
 36559 | Orc:1    | Reached skill level 1 in Evocations
 36845 | Orc:2    | Entered Level 2 of the Orcish Mines
 36845 | Orc:2    | Found a staircase to the Elven Halls.
 37253 | Orc:2    | Reached skill level 10 in Invocations
 37303 | Orc:2    | Noticed Saint Roka
 37401 | Orc:2    | Found Pylesigiat's Antique Armour Emporium.
 38440 | Orc:2    | Noticed an orc warlord
 38600 | Orc:2    | Noticed an orc warlord
 40525 | Orc:2    | Killed an orc warlord
 40526 | Orc:2    | Reached skill level 9 in Fighting
 40526 | Orc:2    | Reached XP level 15. HP: 135/135 MP: 20/24
 40648 | Orc:2    | Killed an orc warlord
 41080 | Orc:2    | Killed Saint Roka
 41268 | Orc:2    | Found Buqaose's General Store.
 41455 | Orc:2    | Found Xiups's Book Emporium.
 41625 | Orc:2    | Found Uwkont's Antique Weapon Emporium.
 41788 | Orc:2    | Bought a book of Party Tricks for 750 gold pieces
 41795 | Orc:2    | Learned a level 6 spell: Invisibility
 41799 | Orc:2    | Learned a level 3 spell: Confusing Touch
 41803 | Orc:2    | Learned a level 3 spell: Tukima's Dance
 41952 | D:12     | Received a gift from Nemelex Xobeh
 42039 | D:12     | Reached skill level 1 in Hexes
 42991 | D:12     | Noticed a tengu reaver
 43018 | D:12     | Killed a tengu reaver
 43019 | D:12     | Reached skill level 5 in Dodging
 43681 | D:12     | Learned a level 5 spell: Irradiate
 44237 | D:13     | Received a gift from Nemelex Xobeh
 44341 | D:13     | Found a shadowy altar of Dithmenos.
 44602 | D:13     | Reached skill level 1 in Conjurations
 45271 | D:14     | Noticed Josephine
 45283 | D:14     | Killed Josephine
 45284 | D:14     | Reached skill level 5 in Evocations
 45561 | D:14     | Reached XP level 16. HP: 146/146 MP: 26/26
 45582 | D:14     | Found a runed translucent gate.
 45582 | D:14     | Found a runed translucent gate.
 45587 | D:14     | Found a runed translucent gate.
 45587 | D:14     | Noticed nago's ghost (journeyman DjFE)
 45725 | D:14     | Reached skill level 10 in Fighting
 45953 | D:14     | Reached skill level 5 in Hexes
 46063 | D:14     | You fall into a shaft and drop 1 floor!
 46063 | D:15     | Entered Level 15 of the Dungeon
 46230 | D:14     | Received a gift from Nemelex Xobeh
 46776 | D:14     | Found a gate to the Vaults.
 47216 | D:15     | Noticed Kirke
 47575 | D:15     | Reached skill level 5 in Conjurations
 48843 | D:15     | Killed Kirke
 49111 | D:15     | Found a staircase to the Depths.
 49344 | D:15     | Learned a level 1 spell: Apportation
 49760 | D:7      | Killed bmj180's ghost
 50290 | Snake:1  | Entered Level 1 of the Snake Pit
 50810 | Snake:1  | Received a gift from Nemelex Xobeh
 51129 | Snake:1  | Identified the Disquisition on the Harmful Rocks
 51138 | Snake:1  | Learned a level 6 spell: Statue Form
 51192 | Snake:1  | Noticed Nikola
 51327 | Snake:1  | Received a gift from Nemelex Xobeh
 51379 | Snake:1  | Noticed Aizul
 51384 | Snake:1  | Killed Aizul
 51476 | Snake:1  | Reached XP level 17. HP: 153/153 MP: 29/29
 51807 | Snake:1  | Killed Nikola
 52518 | Snake:2  | Noticed Louise
 52533 | Snake:2  | Killed Louise
 54578 | Snake:3  | Received a gift from Nemelex Xobeh
 55786 | Snake:3  | Reached skill level 10 in Hexes
 56212 | Snake:3  | Learned a level 5 spell: Silence
 56241 | Snake:4  | Entered Level 4 of the Snake Pit
 56518 | Snake:4  | Received a gift from Nemelex Xobeh
 56532 | Snake:4  | Reached skill level 1 in Air Magic
 56847 | Snake:4  | Noticed Asterion
 58300 | Snake:4  | Noticed Vashnia
 58340 | Snake:4  | Received a gift from Nemelex Xobeh
 58934 | Snake:4  | Reached XP level 18. HP: 162/162 MP: 27/31
 59450 | Snake:4  | Killed Asterion
 59865 | Snake:4  | Noticed Vashnia
 59865 | Snake:4  | Vashnia changed into Vashnia the emperor scorpion
 59881 | Snake:4  | Killed Vashnia the emperor scorpion
 63191 | Snake:4  | Reached skill level 5 in Air Magic
 64176 | Snake:4  | Got a serpentine rune of Zot
 65105 | Shoals:1 | Entered Level 1 of the Shoals
 65530 | Shoals:1 | Received a gift from Nemelex Xobeh
 65739 | Shoals:1 | Found a glowing silver altar of Zin.
 66084 | Shoals:1 | Learned a level 2 spell: Passwall
 66229 | Shoals:1 | Identified the +4 longbow of Agony {speed, *Corrode +Blink
                  | rN+}
 66292 | Shoals:1 | Reached XP level 19. HP: 170/170 MP: 29/32
 66686 | Shoals:2 | Received a gift from Nemelex Xobeh
 68287 | Shoals:3 | Reached skill level 11 in Fighting
 68531 | Shoals:3 | Found a burning altar of Makhleb.
 68533 | Shoals:3 | Reached skill level 10 in Spellcasting
 68661 | Shoals:3 | Received a gift from Nemelex Xobeh
 68673 | Shoals:3 | Found a runed translucent gate.
 68808 | Shoals:3 | Reached skill level 5 in Armour
 69361 | Shoals:3 | Found a runed translucent gate.
 69361 | Shoals:3 | Found a runed translucent gate.
 69366 | Shoals:3 | Noticed ma3's ghost (journeyman TrGl)
 69399 | Shoals:3 | Killed ma3's ghost
 69827 | Shoals:3 | Identified the +0 cloak "Gull" {rC+ Int+5 SInv}
 69936 | Shoals:4 | Entered Level 4 of the Shoals
 69972 | Shoals:4 | Reached skill level 10 in Conjurations
 70160 | Shoals:2 | Learned a level 4 spell: Passage of Golubria
 70244 | Shoals:4 | Identified the ring "Tuatofon" {Will+ MP+9 Str+5 Int+3
                  | Stlth-}
 70255 | Shoals:4 | Received a gift from Nemelex Xobeh
 70257 | Shoals:4 | Noticed Ilsuiw
 70260 | Shoals:4 | Reached skill level 1 in Translocations
 71497 | Shoals:4 | Killed Ilsuiw
 72205 | Shoals:4 | Got a barnacled rune of Zot
 72812 | Vaults:1 | Entered Level 1 of the Vaults
 72864 | Vaults:1 | Reached skill level 5 in Shields
 73182 | Vaults:1 | Received a gift from Nemelex Xobeh
 73676 | Vaults:1 | Reached XP level 20. HP: 180/180 MP: 34/34
 74219 | Vaults:1 | Received a gift from Nemelex Xobeh
 74984 | Vaults:1 | Reached ****** piety under Nemelex Xobeh
 75061 | Vaults:1 | Identified the +7 chain mail "Cotuah" {rElec rPois rC+++
                  | Int-5}
 75199 | Vaults:1 | Identified a scroll of acquirement
 75746 | Elf:1    | Entered Level 1 of the Elven Halls
 75870 | Elf:1    | Found Xuetab's Assorted Antiques.
 75891 | Elf:1    | Noticed Frances
 76057 | Elf:1    | Found Fafehed's Magic Scroll Boutique.
 76079 | Elf:1    | Acquired 1126 gold pieces
 76081 | Elf:1    | Bought a scroll of acquirement for 936 gold pieces
 76081 | Elf:1    | Acquired the ring "Xiqiut" {+Blink MP+9 Int+3}
 76112 | Elf:1    | Found Qeuqeum's Armour Emporium.
 76133 | Elf:1    | Found Wueceh's Book Shop.
 76141 | Elf:1    | Bought a manual of Armour for 1435 gold pieces
 76828 | Elf:1    | Identified Roxanne's Volume of Earth
 76997 | Elf:1    | Found Bosagros's Book Shoppe.
 77028 | Elf:1    | Received a gift from Nemelex Xobeh
 77068 | Elf:1    | Killed Frances
 77703 | Elf:2    | Learned a level 5 spell: Lee's Rapid Deconstruction
 77828 | Elf:2    | Reached XP level 21. HP: 111/189 MP: 32/36
 77829 | Elf:2    | Received a gift from Nemelex Xobeh
 77888 | Elf:2    | Identified the ring "Jazet" {Int+6 Dex-3 SInv}
 77925 | Elf:2    | Found a runed translucent gate.
 77925 | Elf:2    | Found a runed translucent gate.
 77925 | Elf:2    | Found a runed translucent gate.
 77991 | Elf:2    | Found a flickering gateway to a bazaar.
 78058 | Bazaar   | Entered a bazaar
 78088 | Bazaar   | Found Ysiyriuttoth's Book Boutique.
 78095 | Bazaar   | Received a gift from Nemelex Xobeh
 78131 | Bazaar   | Found Wolip's Assorted Antiques.
 78169 | Bazaar   | Found Xegots's Jewellery Emporium.
 78209 | Bazaar   | Found Xuypuzxe's Jewellery Shoppe.
 78276 | Bazaar   | Found Ruippy's Book Emporium.
 78316 | Bazaar   | Bought the amulet of Monotheism {Spirit rElec Str-4 Dex+6}
                  | for 433 gold pieces
 78340 | Bazaar   | Bought a scroll labelled NUALAWALUC for 33 gold pieces
 78340 | Bazaar   | Bought a potion of cancellation for 264 gold pieces
 78340 | Bazaar   | Bought a wand of acid (5) for 264 gold pieces
 78340 | Bazaar   | Bought a potion of might for 132 gold pieces
 78506 | Orc:2    | Bought a topaz-encrusted leather armour for 175 gold pieces
 78506 | Orc:2    | Identified the +0 leather armour "Oxuman" {Harm rPois rF-
                  | rC-} (You bought it in a shop on level 2 of the Orcish
                  | Mines)
 79023 | Elf:2    | Noticed Donald
 79032 | Elf:2    | Killed Donald
 79249 | Elf:2    | Received a gift from Nemelex Xobeh
 79371 | Elf:3    | Entered Level 3 of the Elven Halls
 79393 | Elf:3    | Found Kuwnuo's Antique Armour Shop.
 79410 | Elf:3    | Bought a glowing helmet for 195 gold pieces
 79898 | Elf:3    | Found Qoneden's Jewellery Shoppe.
 79906 | Elf:3    | Received a gift from Nemelex Xobeh
 79948 | Elf:3    | Found a runed translucent door.
 79950 | Elf:3    | Noticed Charly's ghost (adept VSBr)
 79958 | Elf:3    | Killed Charly's ghost
 80257 | Elf:3    | Reached skill level 12 in Fighting
 80417 | Elf:3    | Identified the +4 flail of Sunlight {flame, rN+ Will+
                  | Dex-5}
 80417 | Elf:3    | Identified the amulet "Miasippi" {Spirit Dex+9}
 81385 | Elf:3    | Identified the +8 dagger of Indomitability {vorpal, Int+4}
 81728 | Elf:3    | Identified the ring "Erisamil" {rPois rF++ Str-4 Int+6}
 82085 | Elf:3    | Identified the +8 flail of Pandemonium {vorpal, +Fly Str+2
                  | Stlth+}
 82085 | Elf:3    | Identified the amulet "Enlit" {Acrobat rF- Str+4 Dex+6}
 82321 | Elf:3    | Identified Siefric's Catalogue of Translocation and
                  | Envenoming
 82470 | Elf:3    | Identified the +1 dagger "Nosaze" {elec, Str+2 Dex+3}
 82873 | Vaults:2 | Found a staircase to the Crypt.
 83165 | Vaults:2 | Received a gift from Nemelex Xobeh
 83665 | Vaults:2 | Reached XP level 22. HP: 189/199 MP: 25/37
 84010 | Vaults:2 | Received a gift from Nemelex Xobeh
 84245 | Vaults:2 | Found Xoet's Jewellery Emporium.
 84421 | Vaults:2 | Identified the +0 buckler of Complete Protection {rF++}
 85037 | Vaults:3 | Received a gift from Nemelex Xobeh
 85832 | Vaults:3 | Received a gift from Nemelex Xobeh
 86655 | Vaults:3 | Reached skill level 10 in Armour
 86874 | Vaults:4 | Received a gift from Nemelex Xobeh
 87174 | Vaults:4 | Found a blossoming altar of Fedhas.
 87798 | Vaults:4 | Received a gift from Nemelex Xobeh
 87945 | Vaults:4 | Found a radiant altar of Vehumet.
 87949 | Vaults:4 | Found a transporter.
 88188 | Vaults:4 | Reached skill level 13 in Fighting
 88462 | Vaults:4 | Received a gift from Nemelex Xobeh
 88822 | Lair:4   | Killed Danufek's ghost
 88908 | Lair:4   | Learned a level 2 spell: Blink
 89134 | D:14     | Killed nago's ghost
 89220 | D:14     | Identified the +7 war axe of Ifacy {vorpal, Dex+2}
 89276 | Depths:1 | Entered Level 1 of the Depths
 90919 | Depths:1 | Identified the +1 ring mail "Rivawk" {rC+ Int+3}
 90926 | Depths:1 | Found a gateway to Hell.
 91068 | Depths:1 | Reached XP level 23. HP: 202/210 MP: 34/39
 91932 | Depths:1 | Received a gift from Nemelex Xobeh
 92520 | Depths:2 | Noticed a golden dragon
 93350 | Depths:2 | Killed a golden dragon
 93519 | Depths:2 | Reached skill level 15 in Invocations
 94263 | Depths:2 | Noticed Sojobo
 94265 | Depths:2 | Reached skill level 10 in Dodging
 94298 | Depths:2 | Killed Sojobo
 94299 | Depths:2 | Reached skill level 14 in Fighting
 95380 | Depths:3 | Found a glowing silver altar of Zin.
 96672 | Depths:3 | Noticed Bai Suzhen
 97163 | Depths:3 | Found a one-way gate leading to the halls of Pandemonium.
 97391 | Depths:3 | Reached XP level 24. HP: 206/223 MP: 25/39
 97495 | Depths:3 | Identified the +1 mace of the Foot {vorpal, *Noise +Inv
                  | Int+2}
 97497 | Depths:3 | Identified the +4 storm dragon scales of Taryjoze {rElec
                  | Regen+ Str-3 Dex+3}
 97526 | Depths:3 | Received a gift from Nemelex Xobeh
 97568 | Depths:3 | Killed Bai Suzhen
 97669 | Depths:3 | Found a gateway to a ziggurat.
 99741 | Depths:4 | Reached skill level 15 in Fighting
100686 | Depths:4 | Received a gift from Nemelex Xobeh
101081 | Depths:4 | You fall into a shaft and drop 1 floor!
101081 | Depths:5 | Entered Level 5 of the Depths
101147 | Depths:4 | Received a gift from Nemelex Xobeh
101152 | Depths:4 | Found Egocveij's Book Boutique.
101152 | Depths:4 | Found Viaston's Jewellery Shoppe.
101164 | Depths:4 | Found Iklaab's Jewellery Shoppe.
101750 | Depths:4 | Identified the Tome of Poison and the Mountains
101752 | Depths:4 | Identified the +1 storm dragon scales of the Planets {rElec
                  | rF- rN+ Regen+}
101753 | Depths:4 | Identified Ykojoy's Incunabulum of Ice and the Mountains
102965 | Depths:5 | Noticed a juggernaut
102975 | Depths:5 | Killed a juggernaut
103789 | Depths:5 | Noticed Margery
103848 | Depths:4 | Reached XP level 25. HP: 234/235 MP: 39/39
103971 | Depths:5 | Received a gift from Nemelex Xobeh
104193 | Depths:5 | Found a broken altar of Ashenzari.
104414 | Depths:4 | Killed Margery
105456 | Depths:5 | Reached skill level 16 in Fighting
105520 | Depths:5 | Found a gate to the Realm of Zot.
105727 | Crypt:1  | Entered Level 1 of the Crypt
106350 | Elf:3    | Bought the ring of Irrepressible Laughter {EV+4 Str+2 Int-3
                  | Slay+3} for 1070 gold pieces
106944 | Crypt:1  | Received a gift from Nemelex Xobeh
107504 | Crypt:1  | Received a gift from Nemelex Xobeh
108227 | Vaults:4 | Identified the +0 hat "Liroaf" {rPois SInv}
108278 | Vaults:4 | Found a transporter.
108569 | Crypt:2  | Received a gift from Nemelex Xobeh
109064 | Crypt:2  | Noticed Boris
109372 | Crypt:2  | Killed Boris
109389 | Crypt:3  | Entered Level 3 of the Crypt
109453 | Crypt:3  | Received a gift from Nemelex Xobeh
109727 | Crypt:3  | Found a staircase to the Tomb.
110170 | Crypt:3  | Identified the +0 ring mail of Tenacity {-Tele *Corrode
                  | rElec Str+5}
110747 | Crypt:3  | Found a basalt altar of Yredelemnul.
110845 | Crypt:3  | Found the +2 Maxwell's thermic engine {flame, freeze}
110871 | Crypt:3  | Acquired 464 gold pieces
111263 | Crypt:3  | Reached XP level 26. HP: 222/248 MP: 24/39
111565 | Crypt:3  | Identified the ring of Fragile Peace {rElec rPois rF+ rN+
                  | Will+}
111857 | Crypt:3  | Identified the ring "Zyvut" {rElec rC+ rN+}
111861 | Crypt:3  | Identified the +10 mace of Yze Buri {holy, MP+9 Int+3
                  | Dex+2}
112427 | Crypt:3  | Identified the +7 longbow of the Badger {freeze, *Corrode
                  | rN+ MP-9 Str+7}
112954 | Elf:3    | Learned a level 3 spell: Ozocubu's Armour
112958 | Elf:3    | Learned a level 3 spell: Lesser Beckoning
113617 | Slime:1  | Entered Level 1 of the Pits of Slime
113646 | Slime:1  | Reached skill level 1 in Ice Magic
114132 | Slime:2  | Reached skill level 17 in Fighting
114483 | Slime:3  | Received a gift from Nemelex Xobeh
114622 | Slime:5  | Entered Level 5 of the Pits of Slime
114984 | Slime:5  | Paralysed by a floating eye for 4 turns
115118 | Slime:5  | Found a viscous altar of Jiyva.
115374 | Slime:5  | Reached skill level 15 in Long Blades
115737 | Slime:5  | Noticed the Royal Jelly
115757 | Slime:5  | Killed the Royal Jelly
115758 | Slime:5  | Reached skill level 5 in Ice Magic
116072 | Slime:5  | Identified the +2 pair of boots of Green Leaves {*Drain
                  | +Blink Regen+ Stlth+}
116108 | Slime:5  | Identified the +6 trident "Ihaizac" {speed, rElec rPois}
116110 | Slime:5  | Got a slimy rune of Zot
116116 | Slime:5  | Identified the Papyrus of Supportive Confrontation
116132 | Slime:5  | Identified the +4 fire dragon scales of the Poles {-Cast
                  | rPois rF++ rC- rCorr Int+4}
116143 | Slime:5  | Identified The Intricacies of Secret Knowledge
116145 | Slime:5  | Identified the amulet "Nan Fupick" {Faith +Inv rElec Str-2
                  | Dex+5}
116175 | Slime:5  | Identified the +3 falchion "Mitz" {vorpal, rElec rN+}
116644 | Vaults:5 | Entered Level 5 of the Vaults
116647 | Vaults:5 | Reached skill level 15 in Armour
116856 | Vaults:5 | Noticed a dread lich
116871 | Vaults:5 | Killed a dread lich
117058 | Vaults:5 | Reached XP level 27. HP: 90/258 MP: 18/39
117403 | Vaults:5 | Identified the +6 rapier of Zarchis {drain, Str-2 Dex+6}
117408 | Vaults:5 | Identified the +9 hand crossbow "Wirphoude" {freeze,
                  | *Corrode rN+++ Str+4 Int+4}
118191 | Vaults:5 | Received a gift from Nemelex Xobeh
118731 | Vaults:5 | Identified the amulet "Joacuo" {Faith Int+4}
119103 | Vaults:5 | Got a silver rune of Zot
119118 | Vaults:5 | Identified the ring of Egalitarianism {rCorr Str+4 Dex-3}
119303 | Vaults:5 | Reached skill level 18 in Fighting
119443 | Vaults:5 | Identified the +9 dagger of Gozag's Displeasure {flame,
                  | rPois Will- Int+4}
120138 | Vaults:5 | Noticed an ancient lich
120159 | Vaults:5 | Killed an ancient lich
120177 | Vaults:5 | Identified the Almanac of Changing
121515 | Orc:2    | Bought an embroidered scarf for 200 gold pieces
121546 | Orc:2    | Bought a potion of curing for 39 gold pieces
121546 | Orc:2    | Bought a potion of flight for 39 gold pieces
121546 | Orc:2    | Bought a potion of curing for 39 gold pieces
121546 | Orc:2    | Bought a scroll of teleportation for 39 gold pieces
121546 | Orc:2    | Bought a potion of flight for 39 gold pieces
121633 | Elf:1    | Bought a scroll of summoning for 171 gold pieces
121633 | Elf:1    | Bought 3 scrolls of teleportation for 162 gold pieces
121633 | Elf:1    | Bought a scroll of teleportation for 54 gold pieces
121662 | Elf:1    | Bought a scroll of fear for 101 gold pieces
121662 | Elf:1    | Bought a scroll of teleportation for 87 gold pieces
121662 | Elf:1    | Bought a scroll of teleportation for 87 gold pieces
121710 | Elf:3    | Bought a +4 ring of slaying for 1560 gold pieces
123100 | Zot:1    | Entered Level 1 of the Realm of Zot
123121 | Zot:1    | Received a gift from Nemelex Xobeh
123333 | Zot:1    | You fall into a shaft and drop 1 floor!
123441 | Zot:1    | Received a gift from Nemelex Xobeh
123559 | Zot:1    | Noticed an orb of fire
123691 | Zot:1    | Killed an orb of fire
123897 | Zot:1    | Received a gift from Nemelex Xobeh
123931 | Zot:1    | Reached skill level 15 in Dodging
124227 | Zot:1    | Reached skill level 19 in Fighting
124414 | Zot:1    | Identified the +0 chain mail "Sussojohiv" {*Corrode rF++
                  | Str+5}
125921 | Zot:2    | Reached skill level 15 in Stealth
126117 | Zot:2    | Received a gift from Nemelex Xobeh
126152 | Zot:2    | Identified the +3 troll leather armour of Qyacheq {rF- rN+
                  | Will+++ Regen+ Int+2}
126552 | Zot:3    | Received a gift from Nemelex Xobeh
127608 | Zot:4    | Reached skill level 20 in Fighting
127716 | Zot:4    | Received a gift from Nemelex Xobeh
128309 | Zot:4    | Identified the +3 scale mail of Ykong {rC+}
128706 | Zot:4    | Received a gift from Nemelex Xobeh
128939 | Zot:4    | Identified the +1 arbalest "Unelut" {vorpal, +Fly Int+5}
129145 | Zot:5    | Entered Level 5 of the Realm of Zot
129312 | Zot:5    | Received a gift from Nemelex Xobeh
129547 | Zot:5    | Noticed a dread lich
129921 | Zot:4    | Killed a dread lich
130041 | Zot:5    | Noticed an orb of fire
130041 | Zot:5    | Gained mutation: You are clumsy. (Dex -2) [an orb of fire]
130043 | Zot:5    | Noticed an orb of fire
130044 | Zot:5    | Noticed an orb of fire
130045 | Zot:5    | Gained mutation: You are weak. (Str -2) [an orb of fire]
130045 | Zot:5    | Gained mutation: You occasionally shout uncontrollably at
                  | your foes. [an orb of fire]
130052 | Zot:4    | Gained mutation: You are occasionally teleported next to
                  | monsters. [an orb of fire]
130053 | Zot:4    | Gained mutation: You are dopey. (Int -2) [an orb of fire]
130061 | Zot:4    | Killed an orb of fire
130062 | Zot:4    | Lost mutation: You are weak. (Str -2) [potion of mutation]
130062 | Zot:4    | Lost mutation: You are occasionally teleported next to
                  | monsters. [potion of mutation]
130062 | Zot:4    | Lost mutation: You are dopey. (Int -2) [potion of mutation]
130062 | Zot:4    | Gained mutation: Your muscles are strong. (Str +2) [potion
                  | of mutation]
130062 | Zot:4    | Gained mutation: Potions are less effective at restoring
                  | your health. [potion of mutation]
130062 | Zot:4    | Gained mutation: You passively map a small area around you.
                  | [potion of mutation]
130062 | Zot:4    | Gained mutation: You expend magic power (3 MP) to
                  | strengthen your wands. [potion of mutation]
130063 | Zot:4    | Lost mutation: Your muscles are strong. (Str +2) [potion of
                  | mutation]
130063 | Zot:4    | Lost mutation: You occasionally shout uncontrollably at
                  | your foes. [potion of mutation]
130063 | Zot:4    | Gained mutation: You are weak. (Str -2) [potion of
                  | mutation]
130063 | Zot:4    | Gained mutation: You are resistant to electric shocks.
                  | (rElec) [potion of mutation]
130064 | Zot:4    | Lost mutation: You expend magic power (3 MP) to strengthen
                  | your wands. [potion of mutation]
130064 | Zot:4    | Lost mutation: You are clumsy. (Dex -2) [potion of
                  | mutation]
130064 | Zot:4    | Lost mutation: You are weak. (Str -2) [potion of mutation]
130064 | Zot:4    | Gained mutation: You have a pair of small antennae on your
                  | head. [potion of mutation]
130064 | Zot:4    | Gained mutation: Your magical capacity is low. (-10% MP)
                  | [potion of mutation]
130064 | Zot:4    | Gained mutation: Your spells are a little easier to cast,
                  | but a little less powerful. [potion of mutation]
130064 | Zot:4    | Gained mutation: You have sharp fingernails. [potion of
                  | mutation]
130065 | Zot:4    | Lost mutation: Your magical capacity is low. (-10% MP)
                  | [potion of mutation]
130065 | Zot:4    | Lost mutation: Your spells are a little easier to cast, but
                  | a little less powerful. [potion of mutation]
130065 | Zot:4    | Gained mutation: Your skin changes colour to match your
                  | surroundings (Stealth+). [potion of mutation]
130065 | Zot:4    | Gained mutation: You have very sharp fingernails. [potion
                  | of mutation]
130065 | Zot:4    | Gained mutation: You possess an exceptional clarity of
                  | mind. [potion of mutation]
130066 | Zot:4    | Lost mutation: Your skin changes colour to match your
                  | surroundings (Stealth+). [potion of mutation]
130066 | Zot:4    | Lost mutation: You have a pair of small antennae on your
                  | head. [potion of mutation]
130066 | Zot:4    | Lost mutation: You possess an exceptional clarity of mind.
                  | [potion of mutation]
130066 | Zot:4    | Gained mutation: You evolve. [potion of mutation]
130177 | Zot:5    | Gained mutation: You are weak. (Str -2) [an orb of fire]
130179 | Zot:5    | Gained mutation: Your body sometimes deteriorates upon
                  | taking damage. [an orb of fire]
130180 | Zot:5    | Killed an orb of fire
130406 | Zot:5    | Gained mutation: Your flesh is cold resistant. (rC+) [an
                  | orb of fire]
130411 | Zot:5    | Killed an orb of fire
130412 | Zot:5    | Reached skill level 21 in Fighting
130851 | Zot:5    | Noticed an orb of fire
130931 | Zot:5    | Killed an orb of fire
131257 | Zot:5    | Noticed an ancient lich
131279 | Zot:5    | Killed an ancient lich
132244 | Zot:5    | Noticed an ancient lich
132284 | Zot:5    | Killed an ancient lich
132306 | Zot:5    | Reached skill level 22 in Fighting
132556 | Zot:5    | Received a gift from Nemelex Xobeh
133020 | Zot:5    | Got the Orb of Zot
133025 | Zot:5    | Noticed Goinaumu the pandemonium lord
133055 | Zot:5    | Killed Goinaumu the pandemonium lord
133322 | D:15     | Noticed Boris
133341 | D:15     | Killed Boris
133631 | D:13     | Noticed Babbal the pandemonium lord
133686 | D:10     | Noticed Vehavun the pandemonium lord
133704 | D:9      | Noticed Xeth the pandemonium lord
133721 | D:9      | Killed Xeth the pandemonium lord
133797 | D:8      | Noticed Qoaph the pandemonium lord
133807 | D:8      | Killed Qoaph the pandemonium lord
133989 | D:$      | Escaped with the Orb!

Illustrated notes

Levels and vault maps discovered:
D:1:      psy_arrival_dodecagon, layout_rooms
D:2:      layout_basic
D:3:      layout_basic, chequers_ecumenical_altar_grove, skrybe_limestone_x,
          nemelex_spade_bored_becter, uniq_natasha
D:4:      layout_rooms, nicolae_ossuary_entry_monument
D:5:      layout_cave_pools, minmay_temple_entry_sparse_star
D:6:      layout_rooms, ebering_ghost_sewer_f
D:7:      layout_cave_pods, lemuel_coloured_pillars_altar, lemuel_angel_altar
D:8:      layout_loops_corners, basic_altar, minmay_mini_ossuary, uniq_maurice,
          uniq_joseph
D:9:      layout_roguey, hiddenorc1_lemuel, uniq_grum
D:10:     layout_long_grid, david_lair_shrubbed, minmay_fire_ice_demons
D:11:     layout_cave_pools, uniq_harold
D:12:     evilmike_diamond_2, layout_gridville
D:13:     layout_basic, nicolae_dithmenos_the_darkroom
D:14:     layout_cave_pools, lightli_vaults_fourway_checkpoint,
          gammafunk_ghost_hydra_chop, kennysheep_small_spiral, uniq_josephine
D:15:     grunt_enter_depths_magical_seal, layout_basic, argonaut_gorgonesque,
          uniq_kirke
Lair:1:   layout_chaotic_city
Lair:2:   layout_roguey [special_room_bee], elwin_shoals_entry_rocks,
          guppyfry_snake_entry_island, chequers_serial_rivers_micro_d,
          grunt_megastairs_3, uniq_sonja, uniq_gastronok
Lair:3:   layout_loops_ring, roderic_carrion_pond
Lair:4:   layout_long_grid, gammafunk_ghost_abyssal_escape
Lair:5:   layout_long_grid, infiniplex_staircase_pool
Lair:6:   wormcave, layout_cellular_growth, guppyfry_lair_end_dragon,
          dpeg_slime_entry_corner
Shoals:1: layout_shoals, nicolae_shoals_cliffside_cave, lemuel_altar_in_water
Shoals:2: nicolae_shoals_island_circles, layout_shoals,
          nicolae_shoals_aquamancer_cove
Shoals:3: layout_shoals, gammafunk_ghost_tricky_traps,
          wheals_shoals_ruined_temple
Shoals:4: shoals_end_grunt_garden, layout_shoals, shoal_ilsuiw
Snake:1:  layout_onion, uniq_nikola, uniq_aizul
Snake:2:  layout_misc_corridors, nicolae_snake_squiggles, grunt_ministairs_3,
          lemuel_fruit_tree, uniq_louise
Snake:3:  layout_onion_interference, nicolae_snake_lava_pool
Snake:4:  grunt_snake_rune_pools, layout_onion, drop_trap, grunt_ministairs_15,
          uniq_vashnia, uniq_asterion
Slime:1:  layout_caves, nicolae_slime_phagocytosis
Slime:2:  layout_caves
Slime:3:  layout_caves
Slime:4:  layout_caves, cheibrodos_slime_lost_civilization_6
Slime:5
Orc:1:    layout_caves, mines1_david
Orc:2:    grunt_orc_gardens, layout_diamond_mine, grunt_orc_garden,
          grunt_orc_garden, grunt_orc_garden, grunt_orc_garden,
          nicolae_orc_lost_temple, uniq_saint_roka
Elf:1:    eino_elf_arrival_sip, layout_loops_cross, serial_shops, shop,
          nicolae_shop_statue_plus, shop, shop, shop,
          kennysheep_underground_church, st_stairs_1, minivault_24,
          hangedman_research_geology, uniq_frances
Elf:2:    layout_geoelf_diagonals, serial_shops, bzr_entry_gold,
          onia_ninara_cookie, grunt_megastairs_2, uniq_donald
Elf:3:    minmay_elf_hall_spiked, layout_geoelf_castle,
          ebering_ghost_reflecting_pool, serial_shops,
          nicolae_shop_competitors_out_of_business, minivault_14,
          minmay_shop_enchanted_jewellery, grunt_ministairs_14,
          dk_noncrumbling_3, nicolae_elf_m_pinch, minmay_misc_feat_rows
Vaults:1: v_misc_3, v_misc_17, hangedman_vaults_hard_town_square, v_misc_24,
          v_misc_11, nicolae_vaults_shelves_hall, nicolae_vaults_angled_halls,
          nicolae_vaults_windows_and_doors_thing, nicolae_vaults_what_the_h,
          v_misc_30, ontoclasm_vaults_twist, vaults_dpeg_cross,
          hangedman_vaults_restitches, grunt_vaults_hallway_short,
          layout_vaults_maze_bifur
Vaults:2: nicolae_vaults_specimen_jars, v_alt_pattern_3,
          ontoclasm_vaults_ring_large, ontoclasm_vaults_spin,
          nicolae_vaults_network_star, nicolae_vaults_diagonal_hallway_8,
          v_pattern_2, minmay_crypt_entry_simple_box, vaults_room_pools,
          vaults_room_semicircle, layout_vaults_omnigrid, serial_shops,
          nicolae_shop_crystal
Vaults:3: grunt_vaults_funnel, vaults_room_fancy_cross, v_misc_13, v_misc_28,
          ontoclasm_vaults_eye, vaults_dpeg_encased_lava, layout_vaults_big_room
Vaults:4: nicolae_vaults_angled_halls, nicolae_vaults_little_squares_5,
          hangedman_vaults_unwind, vaults_standard_mumra_enter_the_diamond,
          gammafunk_sealed_library, hangedman_vaults_corner_blocks,
          vaults_room_pool, serial_ice_m, nicolae_vaults_yaktaur_gun_rack,
          vaults_room_corners, grunt_vaults_hallway_short,
          layout_vaults_omnicross, basic_altar
Vaults:5
Crypt:1:  layout_misc_corridors
Crypt:2:  layout_chaotic_city, uniq_boris
Crypt:3:  evilmike_haunted_forest
Depths:1: layout_gridlike, grunt_hell_horde, glass_columns_a,
          hangedman_cracks_in_the_wall, kennysheep_cross_landing
Depths:2: minmay_sliced_demisemicircle, layout_basic,
          grunt_hell_entry_dis_grunt, dk_noncrumbling_2, uniq_sojobo
Depths:3: minmay_octo_star, layout_gridlike, enter_ziggurat_b,
          rand_demon_pan_entry_8, pf_vacation_house_of_asmodeus,
          lemuel_round_altar, uniq_bai_suzhen
Depths:4: little_maze_vault, layout_long_grid, abyss_entry_crystal, hell_entry,
          rand_demon_pan_entry_3, serial_sigils_hangedman_scar,
          minmay_shop_grove, minmay_staircase_bubble
Depths:5: evilmike_zot_entry_hall, layout_cave_pools, hell_entry,
          chequers_serial_rivers_small_b, st_stairs_3, corexii_corridor_pit,
          evilmike_ruin_ashenzari, uniq_margery
Zot:1:    layout_twisted_circle, hangedman_zot_spectrum
Zot:2:    cheibrodos_zot_enchanting_chambers, layout_onion
Zot:3:    layout_misc_corridors, nicolae_lava_and_water, guppyfry_library_mini
Zot:4:    layout_concentric_octagons, drop_trap, st_single_dragon_hoard_2
Zot:5:    layout_gridlike

Skill      XL: |  1  2  3  4  5  6  7  8  9 10 11 12 13 14 15 16 17 18 19 20 21 22 23 24 25 26 27 |
---------------+----------------------------------------------------------------------------------+-----
Stealth        | 4 5 6 7 8 10 11 12 13 17 | 17.0
Maces & Flails | 1 2 3 4 5 |  5.9
Invocations    | 1 2 3 5 6 7 9 10 11 12 13 14 15 17 18 19 | 19.0
Shields        | 1 2 6 8 9 |  9.0
Long Blades    | 4 7 8 9 11 12 13 14 15 16 | 16.0
Transmutations | 4 7 9 10 11 12 | 12.0
Earth Magic    | 4 7 9 10 11 12 | 12.0
Spellcasting   | 2 4 5 6 8 9 10 11 12 | 12.0
Fighting       | 6 7 9 10 11 12 13 14 15 16 17 22 | 22.6
Dodging        | 1 4 5 6 7 9 10 11 13 18 | 18.8
Evocations     | 3 5 9 |  9.0
Hexes          | 4 8 10 11 12 | 12.0
Conjurations   | 2 7 8 9 10 | 10.0
Air Magic      | 2 5 7 |  7.0
Armour         | 3 6 7 9 11 12 13 14 15 18 | 18.0
Translocations | 4 |  4.0
Ice Magic      | 6 |  6.0
Staves         | |  1.0
Crossbows      | |  1.0
Throwing       | |  0.3

Action                   |  1- 3 |  4- 6 |  7- 9 | 10-12 | 13-15 | 16-18 | 19-21 | 22-24 | 25-27 || total
-------------------------+-------+-------+-------+-------+-------+-------+-------+-------+-------++-------
Melee: Quarterstaff      |    49 |   103 |       |       |       |       |       |       |       ||   152
       Dagger            |     5 |    10 |    73 |    98 |   346 |   400 |   673 |   299 |   286 ||  2190
       Flail             |       |       |   163 |       |       |       |       |       |       ||   163
       Scimitar          |       |       |    23 |   466 |   655 |   793 |   622 |  1518 |   121 ||  4198
       Rapier            |       |       |       |     4 |       |       |       |       |       ||     4
       Constrict         |       |       |       |       |   209 |   238 |   198 |   177 |   326 ||  1148
       Staff             |       |       |       |       |     8 |       |     3 |       |    13 ||    24
       Demon blade       |       |       |       |       |       |       |       |       |   411 ||   411
       Double sword      |       |       |       |       |       |       |       |       |  1892 ||  1892
 Fire: Hunting sling     |       |   131 |    44 |    70 |       |       |       |       |       ||   245
Throw: Stone             |    17 |       |       |     6 |    39 |    49 |     8 |       |       ||   119
       Dart              |       |       |       |     2 |       |       |       |    13 |    40 ||    55
 Cast: Petrify           |       |       |       |    57 |   120 |   263 |   142 |    88 |    29 ||   699
       Confusing Touch   |       |       |       |       |     1 |       |     1 |       |       ||     2
       Irradiate         |       |       |       |       |       |    15 |       |    29 |    17 ||    61
       Tukima's Dance    |       |       |       |       |       |     4 |       |       |       ||     4
       Statue Form       |       |       |       |       |       |     6 |     1 |     3 |     9 ||    19
       Invisibility      |       |       |       |       |       |     2 |    31 |    14 |    24 ||    71
       Silence           |       |       |       |       |       |       |     9 |     6 |     5 ||    20
       Passage of Golubr |       |       |       |       |       |       |     4 |    24 |    23 ||    51
       Passwall          |       |       |       |       |       |       |    11 |    13 |    22 ||    46
       Lee's Rapid Decon |       |       |       |       |       |       |    57 |    65 |    81 ||   203
       Blink             |       |       |       |       |       |       |       |    11 |    15 ||    26
       Ozocubu's Armour  |       |       |       |       |       |       |       |       |     6 ||     6
       Lesser Beckoning  |       |       |       |       |       |       |       |       |    18 ||    18
Invok: Draw Destruction  |       |       |     2 |    18 |     5 |    17 |    18 |    17 |     9 ||    86
       Draw Escape       |       |       |     1 |       |       |       |       |       |       ||     1
       Draw Summoning    |       |       |       |     2 |     1 |     2 |     1 |       |       ||     6
       Stack Five        |       |       |       |       |     1 |       |       |       |       ||     1
       Deal Four         |       |       |       |       |     1 |     3 |     1 |       |     1 ||     6
 Abil: Spit Poison       |    24 |    30 |    32 |    24 |     1 |     2 |       |       |     3 ||   116
       End Transformatio |       |       |       |       |       |     2 |       |     1 |     4 ||     7
Evoke: Wand              |       |       |       |     2 |       |     1 |     1 |       |     1 ||     5
       Tin of tremorston |       |       |       |     2 |       |       |       |       |       ||     2
  Use: Scroll            |     1 |     5 |     6 |    17 |     2 |     2 |     5 |     4 |    27 ||    69
       Potion            |       |       |     1 |     2 |     1 |     1 |     2 |     1 |    14 ||    22
 Stab: Sleeping          |     3 |     5 |     7 |    15 |    39 |    22 |   101 |    50 |    83 ||   325
       Petrified         |       |       |       |    40 |   135 |   194 |   119 |    69 |    20 ||   577
       Petrifying        |       |       |       |     6 |    31 |    33 |    23 |    36 |    12 ||   141
       Paralysed         |       |       |       |     1 |       |       |       |       |     2 ||     3
       Betrayed ally     |       |       |       |     1 |       |       |       |       |       ||     1
       Distracted        |       |       |       |       |     1 |     4 |     2 |     1 |    27 ||    35
       Confused          |       |       |       |       |     2 |       |     1 |       |     2 ||     5
       Invisible         |       |       |       |       |       |     7 |    93 |    24 |   118 ||   242
Armor: Robe              |     7 |    67 |    71 |    16 |    95 |   193 |   175 |   400 |   507 ||  1531
       Leather armour    |       |       |       |   166 |    60 |       |       |       |       ||   226
       Skin              |       |       |       |       |       |    27 |    14 |     7 |    16 ||    64
Dodge: Dodged            |    32 |   103 |   101 |   178 |   314 |   469 |   296 |   937 |  1524 ||  3954
Block: Buckler           |       |       |   115 |   241 |   293 |   404 |   112 |       |       ||  1165
       Reflection        |       |       |       |       |    15 |    57 |    47 |    15 |    23 ||   157
       Kite shield       |       |       |       |       |       |       |   300 |   770 |  1282 ||  2352
       Rpst.: Scimitar   |       |       |       |    39 |    46 |    73 |    38 |   127 |    12 ||   335
       Demon blade       |       |       |       |       |       |       |       |       |    18 ||    18
       Double sword      |       |       |       |       |       |       |       |       |   227 ||   227

Table legend: (Time is in decaauts)
 A = Elapsed time spent in this place.
 B = Non-inter-level travel time spent in this place.
 C = Inter-level travel time spent in this place.
 D = Time resting spent in this place.
 E = Time spent auto-exploring this place.
 F = Levels seen in this place.
 G = Mean time per level.
                   A        B        C        D        E       F      G
               +--------+--------+--------+--------+--------+-----+--------+
         Total | 155731 | 134920 |  20811 |  55646 |  31919 |  59 | 2639.5 |
       Dungeon |  41470 |  32630 |   8840 |  12656 |   5385 |  15 | 2764.7 |
          Lair |  14889 |  12172 |   2717 |   4793 |   3172 |   6 | 2481.5 |
        Shoals |   9364 |   8043 |   1321 |   3505 |    799 |   4 | 2341.0 |
     Snake Pit |  16429 |  15767 |    662 |   7966 |   4246 |   4 | 4107.2 |
    Slime Pits |   2718 |   2567 |    151 |   1659 |      0 |   5 |  543.6 |
  Orcish Mines |   6775 |   6032 |    743 |   3555 |    834 |   2 | 3387.5 |
   Elven Halls |   8448 |   7079 |   1369 |   2321 |   1702 |   3 | 2816.0 |
        Vaults |  17075 |  14943 |   2132 |   4498 |   5162 |   5 | 3415.0 |
         Crypt |   6209 |   5690 |    519 |   1632 |   2540 |   3 | 2069.7 |
        Depths |  18106 |  16371 |   1735 |   7588 |   4530 |   5 | 3621.2 |
           Zot |  11329 |  10712 |    617 |   4475 |   3052 |   5 | 2265.8 |
        Bazaar |    403 |    403 |      0 |      0 |    302 |   1 |  403.0 |
       Ossuary |   2512 |   2512 |      0 |    992 |    191 |   1 | 2512.0 |
               +--------+--------+--------+--------+--------+-----+--------+

Top non-repeatable levels by time:
 Snake:4: 9188 daAuts
Depths:4: 5811 daAuts
Vaults:5: 5484 daAuts
     D:8: 5389 daAuts
     D:9: 4154 daAuts
     D:7: 4151 daAuts
Depths:1: 4100 daAuts
   Orc:1: 4063 daAuts
   Elf:3: 3975 daAuts
    D:12: 3809 daAuts
 Crypt:3: 3634 daAuts
Shoals:3: 3418 daAuts
    D:10: 3377 daAuts
Vaults:1: 3366 daAuts
    D:14: 3344 daAuts
